 Dungeon Crawl Stone Soup version 0.28.0-1-gb440e238dd (webtiles) character file.

Game seed: 4779951925416535727

343 viktor89 the Poker (level 6, 0/49 HPs)
             Began as a Human Cinder Acolyte on Feb 18, 2022.
             Was a High Priest of Ignis.
             Slain by a gnoll (2 damage)
             ... on level 4 of the Dungeon.
             The game lasted 00:11:52 (4476 turns).

viktor89 the Poker (Human Cinder Acolyte)           Turns: 4476, Time: 00:11:53

Health: 0/49       AC:  5    Str: 15    XL:     6   Next: 88%
Magic:  2/10       EV: 11    Int: 16    God:    Ignis [*****.]
Gold:   123        SH:  5    Dex:  8    Spells: 8/10 levels left

rFire   + . .      SeeInvis .   a - +0 spear (flame)
rCold   . . .      Faith    .   (no shield)
rNeg    . . .      Spirit   .   b - +0 robe
rPois   .          Reflect  +   r - +0 helmet
rElec   .          Harm     .   i - +0 cloak
rCorr   +          Rampage  .   c - +0 pair of gloves
Will    .....                   (no boots)
Stlth   +.........              p - amulet of reflection
HPRegen 0.16/turn               l - ring of resist corrosion
MPRegen 0.12/turn               (no ring)

@: no status effects
A: no striking features
a: Renounce Religion, Fiery Armour, Foxfire Swarm, Rising Flame


You were on level 4 of the Dungeon.
You worshipped Ignis.
Ignis was extremely pleased with you.
You visited 1 branch of the dungeon, and saw 5 of its levels.

You collected 123 gold pieces.

Inventory:

Hand Weapons
 a - a +0 spear of flaming (weapon)
 u - a +0 hunting sling
Missiles
 t - 18 sling bullets
Armour
 b - a +0 robe (worn)
 c - a +0 pair of gloves (worn)
 i - a +0 cloak (worn)
 r - a +0 helmet (worn)
 z - a +0 chain mail
Jewellery
 l - a ring of resist corrosion (left hand)
 p - an amulet of reflection (around neck)
Wands
 n - a wand of mindburst (15)
Scrolls
 g - a scroll of enchant weapon
 k - 2 scrolls of teleportation {unknown}
 m - 2 scrolls of identify
 s - a scroll of magic mapping {unknown}
 v - a scroll of vulnerability {unknown}
 w - 2 scrolls of summoning {unknown}
 x - a scroll of immolation {unknown}
 y - a scroll of blinking {unknown}
Potions
 d - a potion of magic {unknown}
 e - 2 potions of brilliance
 f - a potion of flight {unknown}
 h - 3 potions of degeneration {unknown}
 j - 3 potions of heal wounds
 o - a potion of might {unknown}
 q - a potion of attraction {unknown}


   Skills:
 + Level 4.3 Fighting
 + Level 4.4 Polearms
 + Level 2.9 Spellcasting
 + Level 4.4 Fire Magic


You had 8 spell levels left.
You knew the following spells:

 Your Spells              Type           Power      Damage    Failure   Level
a - Scorch                Fire           32%        2d6       4%          2

Your spell library contained the following spells:

 Spells                   Type           Power      Damage    Failure   Level
 Alistair's Intoxication  Tmut/Pois      1%         N/A       99%         5
 Borgnjor's Vile Clutch   Necr/Erth      1%         N/A       99%         5
 Eringya's Noxious Bog    Tmut/Pois      1%         N/A       100%        6


Dungeon Overview and Level Annotations

Branches:
Dungeon (5/15)
 Temple: D:4-7

Altars:

Annotations:
D:4 2 transporters, Sigmund


Message History

The gnoll shaman is moderately wounded.
The gnoll hits you with a +0 club.
The gnoll shaman hits you with a +0 club!
You are too injured to fight recklessly!
You are too injured to fight recklessly!
You are too injured to fight recklessly!
You are too injured to fight recklessly!
You are too injured to fight recklessly!
You hit the gnoll. You burn the gnoll.
The gnoll is heavily wounded.
The gnoll hits you but does no damage. The gnoll closely misses you.
You hit the gnoll. You burn the gnoll.
The gnoll is almost dead.
The gnoll shaman barely misses you. The gnoll hits you with a +0 club.
You closely miss the gnoll.
The gnoll is almost dead.
You block the gnoll's attack.
The gnoll shaman calls upon its god to heal the gnoll.
The gnoll is healed somewhat.
You hit the gnoll but do no damage.
The gnoll is heavily wounded.
The gnoll hits you but does no damage.
The gnoll shaman hits you with a +0 club.
You barely miss the gnoll.
The gnoll is heavily wounded.
The gnoll hits you but does no damage.
The gnoll shaman hits you with a +0 club.
* * * LOW HITPOINT WARNING * * *
The gnoll closely misses you.
You hit the gnoll. You burn the gnoll.
The gnoll is severely wounded.
The gnoll hits you with a +0 club.
* * * LOW HITPOINT WARNING * * *
The gnoll shaman hits you with a +0 club.
* * * LOW HITPOINT WARNING * * *
Activating: Foxfire Swarm
Press: ? - help, Dir - look around, f - activate Flames leap up around you!
The gnoll barely misses you. The gnoll shaman barely misses you.
The gnoll hits you with a +0 club.
You die...

..#.....)....#...'....+.....#
..#.####..##.###.#....##...####
###.####..##.###.##....##+#...#
...........#......#....+.....##
...........#......#....#.....#
..........##..##..#....#.....#
..........##..##vv#....#.....#
########..##..vgvg+....'.....#
#..####..##...#@v#....##########
#........##..#####....#....#....
#........##..###......#....#....
#.........#..<.'......'....#....
###..##..##....#......#.........
##..##..##....#......#####.####
#....#..#######............#
#....#..##....#####+#......#
#....#...#..........#......####


You could see a gnoll shaman (ally target) and a gnoll (fast, ally target).

Vanquished Creatures
  A wyvern zombie (D:4)
  2 hounds (D:4)
  Jessica (D:3)
  Natasha (thrice) (D:2)
  A hound skeleton (D:4)
  Robin (D:3)
  A gnoll (D:5)
  A shadow imp (D:3)
  2 orcs
  3 endoplasms
  3 giant cockroaches
  19 goblins
  4 hobgoblins
  2 jackals (D:4)
  7 kobolds
  6 quokkas
  6 ball pythons
  5 bats
  2 frilled lizards
  5 rats
75 creatures vanquished.

Notes
Turn   | Place    | Note
-------+----------+-------------------------------------------
     0 | D:1      | viktor89 the Human Cinder Acolyte began the quest for the
                  | Orb.
     0 | D:1      | Reached XP level 1. HP: 18/18 MP: 2/2
   102 | D:1      | Reached XP level 2. HP: 24/24 MP: 3/3
   590 | D:1      | Reached XP level 3. HP: 29/29 MP: 5/5
   593 | D:1      | Learned a level 2 spell: Scorch
  1222 | D:2      | Noticed Natasha
  1449 | D:2      | Killed Natasha
  1450 | D:2      | Reached XP level 4. HP: 28/35 MP: 1/6
  1665 | D:2      | Noticed Natasha
  1669 | D:2      | Killed Natasha
  1677 | D:2      | Noticed Natasha
  1686 | D:2      | Killed Natasha
  1687 | D:2      | Reached XP level 5. HP: 26/42 MP: 1/8
  2205 | D:3      | Noticed Robin
  2222 | D:3      | Killed Robin
  2449 | D:3      | Noticed Jessica
  2453 | D:3      | Killed Jessica
  2924 | D:3      | Found a faded altar of an unknown god.
  3521 | D:4      | Reached XP level 6. HP: 48/48 MP: 4/10
  3631 | D:4      | Found a transporter.
  3935 | D:4      | Found a transporter.
  4367 | D:4      | Noticed Sigmund
  4438 | D:5      | Entered Level 5 of the Dungeon
  4446 | D:5      | Noticed a steam dragon
  4475 | D:4      | HP: 2/49 [gnoll shaman (4)]
  4476 | D:4      | Slain by a gnoll

Illustrated notes

Levels and vault maps discovered:
D:1:      minmay_arrival_shattered_statue, layout_rooms
D:2:      layout_loops_cross, uniq_natasha
D:3:      layout_basic, hellmonk_ecumenical_altar_leap_of_faith, uniq_jessica,
          uniq_robin
D:4:      gammafunk_wand_slinger, layout_gridville, nrook_uturn,
          hangedman_abyss_or_decor_stagger, uniq_edmund, uniq_sigmund
D:5:      layout_cave_pools, serial_shops, nicolae_shop_crystal

Skill      XL: |  1  2  3  4  5 |
---------------+----------------+-----
Spellcasting   | 2 |  2.9
Fire Magic     | 4 |  4.4
Polearms       | 4 |  4.4
Fighting       | 4 |  4.3

Action                   |  1- 3 |  4- 6 || total
-------------------------+-------+-------++-------
Melee: Spear             |    83 |   193 ||   276
       Punch             |     2 |     2 ||     4
 Cast: Scorch            |     3 |    22 ||    25
Invok: Foxfire Swarm     |       |     1 ||     1
  Use: Scroll            |       |     2 ||     2
Armor: Robe              |    20 |    29 ||    49
Dodge: Dodged            |    29 |   100 ||   129
Block: Other             |       |    27 ||    27
